 Dungeon Crawl Stone Soup version 0.18.1-1-g2f07953 (webtiles) character file.

174 nikopol the Chopper (level 5, 0/47 HPs)
             Began as a Hill Orc Berserker on May 7, 2016.
             Was a Believer of Trog.
             Slain by a quasit (1 damage)
             ... summoned by Eustachio
             ... on level 4 of the Dungeon.
             The game lasted 00:06:37 (3451 turns).

nikopol the Chopper (Hill Orc Berserker)            Turns: 3451, Time: 00:06:37

Health: 0/47       AC:  7    Str: 20      XL:     5   Next: 54%
Magic:  5/5        EV: 11    Int:  7      God:    Trog [**....]
Gold:   212        SH:  0    Dex:  9 (11) Spells: 0 memorised, 4 levels left

rFire  . . .     SeeInvis .     a - +0 hand axe
rCold  . . .     Gourm    .     l - +0 ring mail (curse)
rNeg   . . .     Faith    .     (no shield)
rPois  .         Spirit   .     (no helmet)
rElec  .         Dismiss  .     (no cloak)
rCorr  .         Reflect  .     f - +0 pair of gloves
SustAt .         Harm     .     (no boots)
MR     .....                    (no amulet)
Stlth  ..........               (no ring)
                                k - ring of loudness (curse)

@: exhausted, slowed, very slow, not resistant to hostile enchantments,
extremely unstealthy
A: no striking features
a: Berserk, Trog's Hand, Burn Spellbooks, Renounce Religion


You were on level 4 of the Dungeon.
You worshipped Trog.
Trog was pleased with you.
You were very hungry.

You visited 1 branch of the dungeon, and saw 4 of its levels.

You collected 212 gold pieces.

Inventory:

Hand Weapons
 a - a +0 hand axe (weapon)
Armour
 b - a +0 animal skin
 f - a +0 pair of gloves (worn)
 h - a +0 ring mail
 l - a cursed +0 ring mail (worn)
Jewellery
 k - a cursed ring of loudness (left hand)
Scrolls
 d - 3 scrolls of remove curse {unknown}
 i - 2 scrolls of identify {unknown}
 j - a scroll of immolation {unknown}
 p - a scroll of teleportation {unknown}
 q - a scroll of blinking {unknown}
 r - a scroll of magic mapping {unknown}
 t - a scroll of noise {unknown}
 u - a scroll of enchant weapon {unknown}
Potions
 e - 2 potions of curing {unknown}
 m - a potion of lignification {unknown}
 n - 2 potions of degeneration {unknown}
 o - a potion of mutation {unknown}
 s - a potion of berserk rage {unknown}
Comestibles
 c - 3 bread rations
 g - 3 fruits
 v - 2 chunks of flesh


   Skills:
 + Level 4.8 Fighting
 + Level 5.3 Axes
 + Level 3.7 Armour
 + Level 2.4 Dodging


You had 4 spell levels left.
You didn't know any spells.

Dungeon Overview and Level Annotations

Branches:
Dungeon (4/15)
 Temple: D:4-7

Altars:
The Shining One

Annotations:
D:4 Eustachio


Message History

The quasit bites you but does no damage.
The quasit misses you. x2
The quasit bites you but does no damage.
The quasit barely misses you.
The quasit claws you but does no damage.
The quasit bites you but does no damage.
The quasit claws you but does no damage.
The quasit closely misses you. The bat closely misses you.
The quasit bites you but does no damage.
The quasit claws you but does no damage.
The quasit claws you.
* * * LOW HITPOINT WARNING * * *
Eustachio casts a spell.
Eustachio blinks!
The quokka bites you but does no damage.
The quasit barely misses you. x2; The quasit completely misses you.
The quasit closely misses you.
The quasit claws you but does no damage.
The quasit claws you.
You die...

#..............
#..............
+.............. .
#.....?........ ..
#..............
...##+####..............
.............##########.
......b5.....+ #.
......5@b....# #.
@.....r5....$# #.
.............# #.
.............# ...
...########### .... ..
.... . ..


You could see Eustachio, 3 quasits, a quokka and 2 bats.

Vanquished Creatures
  A centaur skeleton (D:3)
  A hound (D:4)
  A hound skeleton (D:3)
  4 adders
  2 dart slugs (D:2)
  4 worms
  2 giant geckos (D:2)
  5 goblins
  9 hobgoblins
  3 jackals (D:3)
  9 kobolds
  8 bats
  4 giant newts
  2 rats
55 creatures vanquished.

Notes
Turn   | Place    | Note
--------------------------------------------------------------
     0 | D:1      | nikopol the Hill Orc Berserker began the quest for the Orb.
     0 | D:1      | Reached XP level 1. HP: 19/19 MP: 1/1
   315 | D:1      | Reached XP level 2. HP: 25/27 MP: 2/2
   848 | D:2      | Reached XP level 3. HP: 29/33 MP: 3/3
   959 | D:2      | Reached ** piety under Trog
  1381 | D:2      | Reached XP level 4. HP: 40/40 MP: 4/4
  1607 | D:2      | Reached skill level 5 in Axes
  2016 | D:3      | Reached XP level 5. HP: 22/47 MP: 5/5
  2635 | D:3      | Found a glowing golden altar of the Shining One.
  3413 | D:4      | Noticed Eustachio
  3450 | D:4      | HP: 2/47 [quasit[Eustachio] (3)]
  3451 | D:4      | Slain by a quasit

Skill      XL: |  1  2  3  4 |
---------------+-------------+-----
Fighting       | 4 |  4.8
Dodging        | 2 |  2.4
Armour         | 3 |  3.7
Axes           | 5 |  5.3

Action                   |  1- 3 |  4- 6 || total
-------------------------+-------+-------++-------
Melee: Hand axe          |    98 |   141 ||   239
Invok: Berserk           |       |     1 ||     1
 Stab: Sleeping          |     1 |       ||     1
  Eat: Chunk             |     1 |     7 ||     8
Armor: Animal skin       |     2 |       ||     2
       Ring mail         |    29 |   108 ||   137
Dodge: Dodged            |    60 |   149 ||   209
